 Dungeon Crawl Stone Soup version 0.30.1 (webtiles) character file.

Game seed: 12515030487125440230

1565 Ijustatesigmund the Conjurer (level 8, -9/51 HPs)
             Began as an Octopode Conjurer on July 13, 2023.
             Was a Follower of Cheibriados.
             Killed by miscasting Iron Shot (15 damage)
             ... on level 7 of the Dungeon.
             The game lasted 00:16:04 (7146 turns).

Ijustatesigmund the Conjurer (Octopode Conjurer)    Turns: 7146, Time: 00:16:07

Health: -9/51      AC:  1    Str:  9    XL:     8   Next: 89%
Magic:  15/24      EV: 13    Int: 24    God:    Cheibriados [*.....]
Gold:   208        SH:  0    Dex: 12    Spells: 4/17 levels left

rFire   . . .        e - +3 short sword "Faoch" {flame, MP+9}
rCold   . . .        (no shield)
rNeg    . . .        s - +0 hat
rPois   .            r - amulet of regeneration
rElec   .            h - ring of resist corrosion
rCorr   +            l - ring of wizardry
SInv    .            (no ring)
Will    .....        (no ring)
Stlth   +++          (no ring)
HPRegen 1.08/turn    (no ring)
MPRegen 0.19/turn    (no ring)
                     (no ring)

%: wizardry (x1)
@: very slightly contaminated, hasted, quick
A: almost no armour, amphibious, 8 rings, camouflage 1, gelatinous body 1,
(nimble swimmer 1), tentacles
a: Renounce Religion, Bend Time


You were on level 7 of the Dungeon.
You worshipped Cheibriados.
Cheibriados was aware of your devotion.
You visited 2 branches of the dungeon, and saw 8 of its levels.

You collected 208 gold pieces.

Inventory:

Hand Weapons
 e - the +3 short sword "Faoch" (weapon) {flame, MP+9}
   (You found it on level 2 of the Dungeon)

   MP:        It affects your magic capacity (+9).
 i - a +0 quarterstaff
Armour
 s - a +0 hat (worn)
Jewellery
 h - a ring of resist corrosion (left tentacle)
 l - a ring of wizardry (right tentacle)
 r - an amulet of regeneration (around mantle)
Wands
 k - a wand of mindburst (9)
 q - a wand of roots (23)
Scrolls
 f - 7 scrolls of immolation
 m - a scroll of teleportation
 o - a scroll of magic mapping
 p - 2 scrolls of summoning
 t - a scroll of amnesia
Potions
 a - 2 potions of magic
 b - 2 potions of mutation
 c - a potion of berserk rage {unknown}
 d - a potion of flight {unknown}
 g - a potion of degeneration {unknown}
 j - a potion of haste
 n - 3 potions of curing
 u - a potion of attraction {unknown}
 w - a potion of lignification {unknown}


   Skills:
 - Level 2.3 Fighting
 - Level 2.0 Dodging
 - Level 2.6 Stealth
 + Level 5.3 Spellcasting
 + Level 6.7 Conjurations
 + Level 5.4 Translocations
 * Level 0.0 Earth Magic
 + Level 3.3 Invocations
 - Level 2.8 Evocations


You had 4 spell levels left.
You knew the following spells:

 Your Spells              Type           Power      Damage    Failure   Level
a - Magic Dart            Conj           100%       1d8       1%          1
b - Searing Ray           Conj           76%        2d7       1%          2
c - Iskenderun's Mystic   Conj/Tloc      35%        2d8       2%          4
d - Iron Shot             Conj/Erth      11%        9d3       75%         6

Your spell library contained the following spells:

 Spells                   Type           Power      Damage    Failure   Level
 Dazzling Flash           Conj/Hex       44%        N/A       2%          3
 Summon Small Mammal      Summ           24%        N/A       3%          1
 Flame Wave               Conj/Fire      22%        2d8       9%          4
 Fulminant Prism          Conj/Hex       11%        3d8       9%          4
 Sticky Flame             Conj/Fire      22%        2d4       9%          4
 Call Canine Familiar     Summ           6%         N/A       11%         3
 Inner Flame              Hex/Fire       6%         N/A       11%         3
 Ozocubu's Armour         Ice            6%         N/A       11%         3
 Summon Guardian Golem    Hex/Summ       6%         N/A       11%         3
 Blade Hands              Tmut           3%         N/A       65%         5
 Metabolic Englaciation   Hex/Ice        3%         N/A       65%         5
 Simulacrum               Ice/Necr       3%         N/A       99%         6
 Malign Gateway           Summ/Tloc      9%         N/A       100%        7
 Summon Horrible Things   Summ           3%         N/A       100%        8
 Animate Armour           Summ/Erth      Unusable   N/A       N/A         4

Dungeon Overview and Level Annotations

Branches:
Dungeon (7/15)             Temple (1/1) D:4

Altars:
Ashenzari
Cheibriados
Dithmenos
Elyvilon
Fedhas
Gozag
Makhleb
Nemelex Xobeh
Okawaru
Qazlal
Ru
Trog
Uskayaw
Vehumet
Wu Jian
Yredelemnul
Zin
The Shining One


Innate Abilities, Weirdness & Mutations

You cannot wear most types of armour.
You are amphibious.
You can wear up to eight rings at the same time.
Your skin changes colour to match your surroundings (Stealth+).
Your rubbery body absorbs attacks. (AC +1, EV +1)
((You are camouflaged when in or above water. (Stealth+)))
You have tentacles for arms and can constrict up to eight enemies at once.


Message History

A steam dragon comes into view.
Found 10 gold pieces.
There is a stone staircase leading down here.
The helpless steam dragon fails to defend itself.
You hit the steam dragon. You burn the steam dragon.
The steam dragon is moderately wounded.
The steam dragon barely misses you. The steam dragon claws you.
Casting: Magic Dart (safe; 1% risk of failure)
Confirm with . or Enter, or press ? or * to list all spells.
You erupt in a blast of force!
The mystic blast hits the steam dragon.
The steam dragon is moderately wounded.
The steam dragon breathes steam at you. The ball of steam hits you!
You are engulfed in a cloud of scalding steam.
The steam dragon bites you. The steam dragon claws you.
Unknown command.
The steam dragon barely misses you. x2
The steam dragon breathes steam at you. The ball of steam hits you!
* * * LOW HITPOINT WARNING * * *
The steam dragon closely misses you. The steam dragon completely misses you.
It was a potion of haste.
You feel yourself speed up.
Cheibriados forgives your accidental hurry, just this once.
The steam dragon completely misses you. The steam dragon claws you.
* * * LOW HITPOINT WARNING * * *
Okay, then.
Okay, then.
Okay, then.
Casting: Iskenderun's Mystic Blast (dangerous; 2% risk of failure)
Confirm with . or Enter, or press ? or * to list all spells.
The spell is astonishingly dangerous to miscast (75% risk of failure)!
Continue anyway? [Y]es or [N]o only, please.
The spell is astonishingly dangerous to miscast (75% risk of failure)!
Continue anyway?
Aiming: Iron Shot (astonishingly dangerous; 75% risk of failure)
Press: ? - help, Shift-Dir - straight line, f - steam dragon
Aim: a steam dragon (moderately wounded, catching its breath, 64% to hit)
You miscast Iron Shot.
You are very lightly contaminated with residual magic.
You feel a surge of energy from the ground.
You die...

### #.. #$######
#.§§§D.# #.§#§@.#
##########...###.#
#..........>§# .#
#.##.#####.§§# .#
###.##.# #..#...#
.# .......#
#..##.## .#
###.#### #..# .# .
###.# #..# . ....#
#..# ##


You could see a steam dragon (catching breath).

Vanquished Creatures
  Grinder (D:3)
  A water moccasin (D:5)
  An ice beast (D:6)
  A black bear (D:4)
  An ogre (D:5)
  A centaur (D:5)
  2 phantoms
  A bullfrog (D:7)
  2 scorpions
  A crimson imp (D:3)
  A hound (D:6)
  2 orc priests (D:7)
  4 iguanas
  A sleepcap (D:5)
  3 orc wizards
  8 gnolls
  3 adders
  An ufetubus (D:5)
  A dart slug (D:1)
  11 orcs
  11 ball pythons
  7 bats
  7 endoplasms
  3 giant cockroaches
  10 goblins
  6 hobgoblins
  6 jackals (D:3)
  7 kobolds
  4 quokkas
  2 frilled lizards
  A goblin skeleton (D:3)
  A goblin zombie (D:3)
  3 kobold skeletons (D:3)
  A kobold zombie (D:3)
  6 rats
122 creatures vanquished.

Vanquished Creatures (collateral kills)
  A scorpion (D:5)
1 creature vanquished.

Grand Total: 123 creatures vanquished

Notes
Turn   | Place    | Note
-------+----------+-------------------------------------------
     0 | D:1      | Ijustatesigmund the Octopode Conjurer began the quest for
                  | the Orb.
     0 | D:1      | Reached XP level 1. HP: 11/11 MP: 3/3
   409 | D:1      | Found a faded altar of an unknown god.
   504 | D:1      | Reached XP level 2. HP: 17/18 MP: 0/5
   558 | D:1      | Learned a level 2 spell: Searing Ray
   610 | D:1      | Reached skill level 1 in Fighting
  1180 | D:2      | Reached XP level 3. HP: 23/23 MP: 1/6
  1524 | D:2      | Identified the +3 short sword "Faoch" {flame, MP+9}
  2035 | D:2      | Reached XP level 4. HP: 17/29 MP: 8/8
  2127 | D:2      | Found a stormy altar of Qazlal.
  2307 | D:3      | Learned a level 4 spell: Iskenderun's Mystic Blast
  2323 | D:3      | Reached XP level 5. HP: 35/35 MP: 4/9
  2457 | D:3      | Reached skill level 1 in Translocations
  2600 | D:3      | Reached skill level 5 in Conjurations
  2885 | D:3      | Noticed Grinder
  2891 | D:3      | Paralysed by Grinder for 2 turns
  2897 | D:3      | Killed Grinder
  2898 | D:3      | Reached XP level 6. HP: 33/40 MP: 5/11
  3134 | D:3      | Found a glowing golden altar of the Shining One.
  3139 | D:3      | Reached XP level 7. HP: 45/45 MP: 12/12
  4582 | D:4      | Found a staircase to the Ecumenical Temple.
  4591 | Temple   | Entered the Ecumenical Temple
  4685 | Temple   | Became a worshipper of Cheibriados the Contemplative
  5136 | D:5      | Entered Level 5 of the Dungeon
  5315 | D:5      | Reached skill level 6 in Conjurations
  5315 | D:5      | Reached skill level 1 in Invocations
  5326 | D:5      | HP: 2/45 [poisoned by a water moccasin]
  5688 | D:5      | Reached XP level 8. HP: 51/51 MP: 14/14
  5855 | D:5      | Reached skill level 1 in Evocations
  5934 | D:5      | Reached skill level 5 in Translocations
  6390 | D:6      | Reached skill level 5 in Spellcasting
  6621 | D:7      | Found a shadowy altar of Dithmenos.
  6647 | D:7      | Reached * piety under Cheibriados
  7130 | D:7      | Learned a level 6 spell: Iron Shot
  7146 | D:7      | Killed by miscasting Iron Shot

Illustrated notes

Levels and vault maps discovered:
D:1:      scummos_arrival_gate, layout_loops_ring,
          ebering_ecumenical_altar_sacrificial, minivault_11,
          minmay_misc_feat_rugged
D:2:      layout_loops_cross, basic_altar
D:3:      layout_basic, nicolae_tso_besieged_by_evil, due_unseen_surprise,
          uniq_grinder
D:4:      layout_layer_cave, minmay_temple_entry_junction
D:5:      layout_basic
D:6:      layout_basic, kennysheep_generic_room_15
D:7:      layout_loops_ring, grunt_dithmenos_smoke,
          gammafunk_temple_overflow_statue, kennysheep_vampire_church,
          uniq_maggie
Temple:   lightli_temple_of_artemis

Skill      XL: |  1  2  3  4  5  6  7  8 |
---------------+-------------------------+-----
Fighting       | 1 2 |  2.3
Spellcasting   | 3 4 5 |  5.3
Translocations | 3 4 5 |  5.4
Conjurations   | 5 6 |  6.7
Invocations    | 1 3 |  3.3
Evocations     | 2 |  2.8
Dodging        | |  2.0
Stealth        | |  2.6

Action                     |  1- 3 |  4- 6 |  7- 9 || total
---------------------------+-------+-------+-------++-------
  Melee: Short sword       |    10 |    21 |    21 ||    52
         Tentacles         |     5 |     3 |     3 ||    11
         Unarmed           |     2 |       |       ||     2
         Constrict         |     3 |     6 |     2 ||    11
         Punch             |       |       |     1 ||     1
   Cast: Magic Dart        |    54 |    48 |    85 ||   187
         Searing Ray       |     4 |    11 |    13 ||    28
         Iskenderun's Myst |       |       |    13 ||    13
    Use: Scroll            |     2 |     3 |     7 ||    12
         Potion            |       |       |     1 ||     1
   Stab: Sleeping          |     2 |       |     1 ||     3
 Armour: Skin              |     3 |     1 |     2 ||     6
  Dodge: Dodged            |    13 |    14 |    32 ||    59
